 Dungeon Crawl Stone Soup version 0.15.0-12-gccce430 (webtiles) character file.

2167 RobertPalmer the Spear-Bearer (level 9, -1/61 HPs)
             Began as a Human Death Knight on Sept 1, 2014.
             Was a Believer of Yredelemnul.
             Succumbed to a killer bee's poison
             ... on Level 8 of the Dungeon.
             The game lasted 00:28:50 (9428 turns).

RobertPalmer the Spear-Bearer (Human Death Knight)  Turns: 9428, Time: 00:28:50

HP  -1/61        AC  6     Str 13      XL: 9   Next: 57%
MP   3/14        EV 16     Int 12      God: Yredelemnul [**....]
Gold 248         SH  0     Dex 16      Spells:  0 memorised,  8 levels left

rFire  + . .     SeeInvis .     a - +0 halberd
rCold  . . .     Clarity  .     r - +0 ring mail
rNeg   . . .     rCorr    .     (no shield)
rPois  .         rRot     .     (no helmet)
rElec  .         Spirit   +     y - +0 cloak
SustAb .         Warding  .     (no gloves)
rMut   .         Stasis   .     (no boots)
Gourm  .                        q - amulet of guardian spirit
MR     .....                    p - ring of protection from fire
                                u - +3 ring of evasion

@: lethally poisoned, not resistant to hostile enchantments, very unstealthy
A: no striking features
a: Animate Remains, Recall Undead Slaves, Injury Mirror, Renounce Religion


You were on level 8 of the Dungeon.
You worshipped Yredelemnul.
Yredelemnul was pleased with you.
You were very hungry.

You visited 1 branch of the dungeon, and saw 8 of its levels.

You collected 248 gold pieces.


   Skills:
 - Level 2.0 Fighting
 - Level 8.4(8.9) Polearms
   Level 4.1(6.8) Staves
 - Level 1.2 Armour
 + Level 7.7 Dodging
 - Level 3.0 Invocations


You had 8 spell levels left.
You didn't know any spells.

Inventory:

Hand weapons
 a - a +0 halberd (weapon)
 b - a +1 blowgun
Missiles
 c - 16 poisoned needles
 o - 5 needles of slowing
Armour
 r - a +0 ring mail (worn)
 y - a +0 cloak (worn)
Magical devices
 t - a wand of magic darts (3)
 x - a wand of lightning (12)
 F - a wand of flame (3)
Comestibles
 l - a bread ration
 s - 2 meat rations
 w - 4 fruits
Scrolls
 g - 2 scrolls of identify
Jewellery
 e - an uncursed ring of protection from magic
 p - a ring of protection from fire (right hand)
 q - an amulet of guardian spirit (around neck)
 u - a +3 ring of evasion (left hand)
 E - an uncursed ring of wizardry
Potions
 h - 2 potions of brilliance
 i - 2 potions of haste
 z - 2 potions of restore abilities

Dungeon Overview and Level Annotations

Branches:
Dungeon (8/15)             Temple (0/1) D:7
   Lair: D:8-11

Altars:
Fedhas
Kikubaaqudgha
Qazlal
Vehumet
Yredelemnul

Shops:
D:4 [

Annotations:
D:3 Grinder

# *#..............##
*..#.... #
*##................#
##.#*,##.
###..#*#.............#
#..####.. Z...#*
*#..§.........####.###....
#..##
##.§§######.......##...##
#..# ##..§§##
#..##.....).##
##>#####..##§§##
##.######...##
#.o##§Z.#####§###.##
#...#### *#.§§§§§##
##§@..#* ##.......
#.#§y##§# #.###.#
#........ .##.§##.## ###
*## *#...###.. #*#.##Z#.##
#.#### #.. * #######.# ##*
### * ###


There were no monsters in sight!


Message History

* * * LOW HITPOINT WARNING * * *
You feel sick. The killer bee barely misses you.
The killer bee barely misses you.
Unknown command.
You hit the killer bee.
The killer bee is lightly wounded.
* * * LOW HITPOINT WARNING * * *
You feel sick.
The orc explodes!
The fiery explosion engulfs the sky beast zombie.
The sky beast zombie explodes!
The fiery explosion engulfs the killer bee.
You kill the killer bee!
Yredelemnul accepts your kill.
The fiery explosion engulfs the killer bee.
The killer bee explodes!
The fiery explosion engulfs the killer bee.
The killer bee explodes!
The fiery explosion engulfs you! You resist.
* * * LOW HITPOINT WARNING * * *
Yredelemnul accepts your kill. x3
Unknown command.
Unknown command.
Unknown command.
Unknown command.
Unknown command.
Unknown command.
Unknown command.
You die...
Your body rises from the dead as a mindless zombie.

Action                   |  1- 3 |  4- 6 |  7- 9 || total
-------------------------+-------+-------+-------++-------
Melee: Spear             |   112 |   111 |       ||   223
       Trident           |       |   126 |   103 ||   229
       Halberd           |       |       |   200 ||   200
 Fire: Blowgun           |       |    15 |    28 ||    43
Throw: Tomahawk          |       |       |     3 ||     3
Invok: Animate Remains   |    13 |    12 |    20 ||    45
       Animate Dead      |       |     6 |     8 ||    14
       Injury Mirror     |       |       |     5 ||     5
Evoke: Wand              |       |       |    16 ||    16
  Use: Scroll            |     3 |       |    13 ||    16
       Potion            |       |     4 |     3 ||     7
 Stab: Distracted        |       |     3 |       ||     3
  Eat: Chunk             |     1 |     5 |     9 ||    15
       Fruit             |       |     3 |       ||     3
       Bread ration      |       |     1 |     2 ||     3

Vault maps used:
D:1:      mrwooster_arrival_statue
D:3:      first_bread, uniq_grinder
D:4:      serial_shops, shop, minivault_23, vehumet_altar_wand_db
D:5:      uniq_blork_the_orc
D:6:      minmay_overflow_temple_star_hex, uniq_iyjb
D:7:      temple_hall
D:8:      the_bakery, nicolae_qazlal_eye_of_the_storm

Notes
Turn   | Place    | Note
--------------------------------------------------------------
     0 | D:1      | RobertPalmer, the Human Death Knight, began the quest for the Orb.
     0 | D:1      | Reached XP level 1. HP: 16/16 MP: 2/2
   175 | D:1      | Reached XP level 2. HP: 20/22 MP: 3/3
   829 | D:2      | Reached skill level 3 in Polearms
   832 | D:2      | Reached XP level 3. HP: 20/27 MP: 5/5
  1005 | D:2      | Acquired Yredelemnul's second power
  1128 | D:2      | Reached XP level 4. HP: 26/33 MP: 1/6
  1202 | D:2      | Reached skill level 4 in Polearms
  1692 | D:3      | Noticed Grinder
  1702 | D:3      | Paralysed by Grinder for 5 turns
  1990 | D:2      | Reached XP level 5. HP: 27/38 MP: 6/8
  3289 | D:3      | Reached skill level 5 in Polearms
  3534 | D:4      | HP: 3/38 [poisoned by a worker ant]
  3860 | D:4      | Acquired Yredelemnul's third power
  4048 | D:4      | Found Soan Ena's Antique Armour Shop.
  4087 | D:4      | Reached XP level 6. HP: 30/44 MP: 7/9
  4235 | D:4      | Reached skill level 6 in Polearms
  4513 | D:4      | Found a radiant altar of Vehumet.
  4633 | D:4      | Reached XP level 7. HP: 32/50 MP: 8/11
  4688 | D:4      | Received a gift from Yredelemnul
  4904 | D:4      | Reached skill level 7 in Polearms
  5628 | D:5      | Entered Level 5 of the Dungeon
  5944 | D:5      | Noticed Blork the orc
  5957 | D:5      | Killed Blork the orc
  6164 | D:5      | Reached skill level 8 in Polearms
  6476 | D:6      | Reached XP level 8. HP: 14/56 MP: 3/12
  6851 | D:6      | Reached skill level 1 in Staves
  6858 | D:6      | Reached skill level 2 in Staves
  6869 | D:6      | Noticed Ijyb
  6878 | D:6      | Killed Ijyb
  6900 | D:6      | Reached skill level 3 in Staves
  7092 | D:6      | Reached skill level 4 in Staves
  7435 | D:6      | Reached skill level 2 in Dodging
  7438 | D:6      | Found a blossoming altar of Fedhas.
  7441 | D:6      | Found a radiant altar of Vehumet.
  7445 | D:6      | Found an ancient bone altar of Kikubaaqudgha.
  7445 | D:6      | Found a stormy altar of Qazlal.
  7463 | D:6      | Found a basalt altar of Yredelemnul.
  7795 | D:7      | Reached skill level 3 in Dodging
  7980 | D:7      | Reached skill level 4 in Dodging
  8058 | D:7      | Found a staircase to the Ecumenical Temple.
  8151 | D:7      | Reached XP level 9. HP: 61/61 MP: 14/14
  8522 | D:7      | Reached skill level 5 in Dodging
  8716 | D:8      | Reached skill level 6 in Dodging
  8844 | D:8      | Reached skill level 7 in Dodging
  9426 | D:8      | HP: 6/61 [poisoned by a killer bee]
  9427 | D:8      | HP: 1/61 [killer bee/exploding inner flame[the player character] (5)]
  9428 | D:8      | Succumbed to a killer bee's poison

Vanquished Creatures
  An ice beast (D:7)
  3 orc warriors
  A phantom (D:6)
  2 sky beasts
  A centaur (D:6)
  2 ogres
  A scorpion (D:6)
  6 killer bees (D:8)
  A hound (D:4)
  2 crimson imps
  2 orc priests
  An iguana (D:6)
  5 orc wizards
  6 worker ants
  Ijyb (D:6)
  A sky beast zombie (D:8)
  A necrophage skeleton (D:6)
  3 gnolls (D:6)
  A worker ant zombie (D:7)
  9 adders
  A giant mite (D:5)
  A shadow imp (D:5)
  4 worms
  2 giant geckos
  22 orcs
  2 giant cockroaches
  9 goblins
  13 hobgoblins
  5 jackals
  A quokka (D:4)
  4 ball pythons
  6 bats
  2 giant newts
  13 kobolds
  14 rats
  8 ballistomycetes
157 creatures vanquished.

Vanquished Creatures (collateral kills)
  A necrophage (D:6)
  A giant frog (D:7)
  Blork the orc (D:5)
  A killer bee (D:8)
  A quasit (D:6)
  2 orc priests
  An orc wizard (D:4)
  A worker ant (D:4)
  An adder (D:4)
  2 worms (D:2)
  2 giant geckos
  An ooze (D:4)
  2 orcs (D:4)
  2 bats
  2 giant cockroaches
  A goblin (D:4)
  3 jackals (D:4)
  2 kobolds (D:2)
  A rat skeleton (D:4)
  A ballistomycete (D:6)
29 creatures vanquished.

Vanquished Creatures (others)
  A sky beast zombie (D:6)
  A hound zombie (D:4)
  A mummy (D:6)
  A worker ant zombie (D:4)
  2 adder zombies
  A bat skeleton (D:8)
  2 gnoll zombies (D:6)
  3 ball python zombies
  2 giant cockroach zombies (D:2)
  2 giant spores
  A goblin zombie (D:4)
  4 hobgoblin zombies
  4 jackal zombies
  7 kobold zombies
  11 orc zombies
43 creatures vanquished.

Grand Total: 229 creatures vanquished
